 Dungeon Crawl Stone Soup version 0.28-a0-1375-g9cff236 (webtiles) character file.

Game seed: 14078323213488598135

706 Dorkslayer the Slasher (level 7, -14/48 HPs)
             Began as an Octopode Fighter on Dec 31, 2021.
             Demolished by a komodo dragon (21 damage)
             ... on level 5 of the Dungeon.
             The game lasted 00:10:43 (3732 turns).

Dorkslayer the Slasher (Octopode Fighter)           Turns: 3732, Time: 00:10:44

Health: -14/48     AC:  1    Str: 18    XL:     7   Next: 67%
Magic:  7/7        EV: 18    Int: 10    God:
Gold:   161        SH:  0    Dex: 11    Spells: 6/6 levels left

rFire   . . .      SeeInvis .   a - +0 long sword (freeze)
rCold   . . .      Faith    .   b - +1 buckler
rNeg    . . .      Spirit   .   (helmet restricted)
rPois   .          Reflect  .   (no amulet)
rElec   .          Harm     .   k - +4 ring of evasion
rCorr   .          Rampage  .   (no ring)
Will    .....                   (no ring)
Stlth   ++........              (no ring)
HPRegen 0.16/turn               (no ring)
MPRegen 0.10/turn               (no ring)
                                (no ring)
                                (no ring)

@: confused, ambrosia-drunk
A: almost no armour, amphibious, 8 rings, camouflage 1, gelatinous body 1,
(nimble swimmer 1), tentacles
a: no special abilities


You were on level 5 of the Dungeon.
You visited 1 branch of the dungeon, and saw 5 of its levels.

You collected 161 gold pieces.

Inventory:

Hand Weapons
 a - a +0 long sword of freezing (weapon)
Missiles
 i - 6 poisoned darts
 q - 7 boomerangs (quivered)
Armour
 b - a +1 buckler (worn)
Jewellery
 k - a +4 ring of evasion (left tentacle)
Wands
 d - a wand of flame (4)
Scrolls
 c - a scroll of fog
 e - 3 scrolls of teleportation
 h - 2 scrolls of fear {unknown}
 j - a scroll of enchant weapon {unknown}
 n - a scroll of holy word
 o - a scroll of immolation {unknown}
 p - a scroll of amnesia {unknown}
 t - a scroll of brand weapon
 v - a scroll of acquirement {unknown}
Potions
 f - a potion of ambrosia
 g - a potion of resistance {unknown}
 l - a potion of haste
 m - a potion of mutation {unknown}
 r - a potion of flight {unknown}
 s - 2 potions of might
 u - 3 potions of curing {unknown}


   Skills:
 + Level 4.0 Fighting
 + Level 4.8 Long Blades
 + Level 2.0 Throwing
 + Level 4.1 Dodging
 + Level 4.2 Stealth
 + Level 3.7 Shields
 * Level 3.0 Evocations


You had 6 spell levels left.
You didn't know any spells.
Your spell library contained the following spells:

 Spells                   Type           Power      Damage    Failure   Level
 Summon Ice Beast         Ice/Summ       0%         N/A       98%         4
 Summon Mana Viper        Hex/Summ       0%         N/A       100%        5
 Monstrous Menagerie      Summ           0%         N/A       100%        7


Dungeon Overview and Level Annotations

Branches:
Dungeon (5/15)
 Temple: D:4-7

Altars:
Hepliaklqana


Innate Abilities, Weirdness & Mutations

You cannot wear most types of armour.
You are amphibious.
You can wear up to eight rings at the same time.
Your skin changes colour to match your surroundings (Stealth+).
Your rubbery body absorbs attacks. (AC +1, EV +1)
((You are camouflaged when in or above water. (Stealth+)))
You have tentacles for arms and can constrict up to eight enemies at once.


Message History

Aim: a komodo dragon (lightly wounded, 79% to hit)
The puff of flame hits the komodo dragon but does no damage.
The komodo dragon is lightly wounded.
Aiming: Throw Flame
Press: ? - help, Shift-Dir - straight line, f/p - komodo dragon
Aim: a komodo dragon (lightly wounded, 79% to hit)
The puff of flame hits the komodo dragon!
The komodo dragon is moderately wounded.
Aiming: Throw Flame
Press: ? - help, Shift-Dir - straight line, f/p - komodo dragon
Aim: a komodo dragon (moderately wounded, 79% to hit)
The puff of flame hits the komodo dragon but does no damage.
The komodo dragon is moderately wounded.
You hit the komodo dragon. You freeze the komodo dragon.
The komodo dragon is moderately wounded.
The komodo dragon bites you!
You closely miss the komodo dragon.
The komodo dragon is moderately wounded.
The komodo dragon completely misses you.
You hit the komodo dragon.
The komodo dragon seems to slow down.
You freeze the komodo dragon.
The komodo dragon is heavily wounded.
The komodo dragon completely misses you.
You barely miss the komodo dragon. You squeeze the komodo dragon.
The komodo dragon is heavily wounded.
The komodo dragon closely misses you.
You hit the komodo dragon.
The komodo dragon seems to slow down.
You freeze the komodo dragon.
The komodo dragon is severely wounded.
The komodo dragon bites you!
You barely miss the komodo dragon.
The komodo dragon is severely wounded.
The komodo dragon bites you!!
* * * LOW HITPOINT WARNING * * *
You closely miss the komodo dragon.
The komodo dragon is severely wounded.
It was a potion of ambrosia.
You are confused.
You feel invigorated. The komodo dragon bites you!!
You die...

######### #.......#
#.......# .........# #
.........# .#
...$.....######.#
.........##.$$..###.
.......#@l..........
.......#.#..........
......#.#..†######.
.......>.........+
..............####
............#.# ##
.........#.# ######.
..........#.####......
.........#....#.####.


You could see a komodo dragon (slow).

Vanquished Creatures
  4 wights (D:4)
  3 hounds (D:4)
  Crazy Yiuf (D:3)
  4 orc priests (D:4)
  A bullfrog skeleton (D:4)
  Jessica (D:3)
  Ijyb (D:3)
  An iguana (D:5)
  An orc wizard (D:4)
  9 adders
  3 dart slugs
  2 worms (D:2)
  12 orcs
  8 ball pythons
  7 bats
  3 endoplasms
  3 giant cockroaches
  9 goblins
  9 hobgoblins
  2 quokkas (D:4)
  5 frilled lizards
  5 kobolds
  4 rats
98 creatures vanquished.

Vanquished Creatures (others)
  3 fungi (D:3)
3 creatures vanquished.

Grand Total: 101 creatures vanquished

Notes
Turn   | Place    | Note
-------+----------+-------------------------------------------
     0 | D:1      | Dorkslayer the Octopode Fighter began the quest for the
                  | Orb.
     0 | D:1      | Reached XP level 1. HP: 16/16 MP: 1/1
   141 | D:1      | Reached XP level 2. HP: 21/21 MP: 2/2
   529 | D:1      | Reached XP level 3. HP: 20/26 MP: 3/3
  1169 | D:2      | Reached skill level 1 in Stealth
  1263 | D:2      | Reached XP level 4. HP: 21/31 MP: 4/4
  1613 | D:3      | Noticed Ijyb
  1620 | D:3      | Killed Ijyb
  1883 | D:3      | Noticed Jessica
  1904 | D:3      | Killed Jessica
  1905 | D:3      | Reached XP level 5. HP: 36/36 MP: 5/5
  2094 | D:3      | Found a runed translucent door.
  2095 | D:3      | Noticed Crazy Yiuf
  2106 | D:3      | Killed Crazy Yiuf
  2107 | D:3      | Reached skill level 1 in Evocations
  2278 | D:3      | Found a faded altar of an unknown god.
  2485 | D:4      | Reached XP level 6. HP: 42/42 MP: 6/6
  2504 | D:4      | Reached skill level 1 in Throwing
  2962 | D:4      | Reached XP level 7. HP: 47/47 MP: 7/7
  3492 | D:4      | Found a hazy altar of Hepliaklqana.
  3566 | D:5      | Entered Level 5 of the Dungeon
  3655 | D:5      | Noticed a komodo dragon
  3732 | D:5      | Demolished by a komodo dragon

Illustrated notes

Levels and vault maps discovered:
D:1:      onia_arrival_pentagram, layout_basic, due_unseen_surprise
D:2:      layout_basic, minmay_quantized
D:3:      layout_loops_ring, hellmonk_ecumenical_altar_heavens_door,
          uniq_jessica, uniq_crazy_yiuf_cottage, uniq_ijyb
D:4:      cheibrodos_helix_gallery, layout_basic, kennysheep_mini
D:5:      layout_basic, serial_curves, eino_curves_03, eino_curves_03

Skill      XL: |  1  2  3  4  5  6  7 |
---------------+----------------------+-----
Stealth        | 1 2 3 4 |  4.2
Long Blades    | 3 4 |  4.8
Evocations     | 1 2 3 |  3.0
Throwing       | 1 2 |  2.0
Dodging        | 4 |  4.1
Fighting       | 4 |  4.0
Shields        | |  3.7

Action                   |  1- 3 |  4- 6 |  7- 9 || total
-------------------------+-------+-------+-------++-------
Melee: Long sword        |    61 |    90 |    41 ||   192
       Constrict         |    23 |    24 |     9 ||    56
       Tentacles         |    14 |    15 |     9 ||    38
Throw: Dart              |       |    27 |       ||    27
       Boomerang         |       |     1 |     1 ||     2
Evoke: Wand              |       |       |     5 ||     5
  Use: Scroll            |       |     8 |     3 ||    11
       Potion            |       |     1 |     1 ||     2
 Stab: Sleeping          |     8 |     7 |       ||    15
Armor: Skin              |     3 |     5 |       ||     8
Dodge: Dodged            |    44 |    72 |    21 ||   137
Block: Buckler           |    16 |    19 |     7 ||    42

Table legend: (Time is in decaauts)
 A = Elapsed time spent in this place.
 B = Non-inter-level travel time spent in this place.
 C = Inter-level travel time spent in this place.
 D = Time resting spent in this place.
 E = Time spent auto-exploring this place.
 F = Levels seen in this place.
 G = Mean time per level.
                   A        B        C        D        E       F      G
               +--------+--------+--------+--------+--------+-----+--------+
         Total |   3778 |   3778 |      0 |    725 |    962 |   5 |  755.6 |
       Dungeon |   3778 |   3778 |      0 |    725 |    962 |   5 |  755.6 |
               +--------+--------+--------+--------+--------+-----+--------+

Top non-repeatable levels by time:
     D:4: 1128 daAuts
     D:3: 952 daAuts
     D:2: 879 daAuts
     D:1: 650 daAuts
     D:5: 168 daAuts
